 Dungeon Crawl Stone Soup version 0.30-a0-576-g89cddaab80 (webtiles) character file.

Game seed: 1857565346137303182

51 Crownlay the Grappler (level 3, -3/26 HPs)
             Began as a Gnoll Wanderer on Dec 30, 2022.
             Slain by Sigmund
             ... wielding a +0 scythe
              (6 damage)
             ... on level 2 of the Dungeon.
             The game lasted 00:02:54 (1377 turns).

Crownlay the Grappler (Gnoll Wanderer)              Turns: 1377, Time: 00:02:55

Health: -3/26      AC:  4    Str: 15    XL:     3   Next: 83%
Magic:  5/5        EV: 13    Int: 10    God:
Gold:   54         SH:  0    Dex: 10    Spells: 4/4 levels left

rFire   . . .      SeeInvis .    a - +0 mace
rCold   . . .      Faith    .    (no shield)
rNeg    . . .      Spirit   .    f - +0 leather armour
rPois   .          Reflect  .    (no helmet)
rElec   .          Harm     .    (no cloak)
rCorr   .          Rampage  .    (no gloves)
Will    .....                    d - +0 pair of boots
Stlth   +                        (no amulet)
HPRegen 0.24/turn                (no ring)
MPRegen 0.09/turn                (no ring)

@: hasted, very quick
A: fangs 1, strong nose, distributed training
a: no special abilities


You were on level 2 of the Dungeon.
You visited 1 branch of the dungeon, and saw 2 of its levels.

You collected 54 gold pieces.

Inventory:

Hand Weapons
 a - a +0 mace (weapon)
Armour
 d - a +0 pair of boots (worn)
 f - a +0 leather armour (worn)
Scrolls
 b - a scroll of enchant weapon {unknown}
 c - a scroll of blinking
 g - 3 scrolls of identify
 j - 3 scrolls of teleportation
 l - a scroll of vulnerability {unknown}
Potions
 e - a potion of attraction
 h - 2 potions of curing
 i - 2 potions of brilliance
 k - a potion of resistance {unknown}


   Skills:
 + Level 1.0 Fighting
 + Level 1.0 Short Blades
 + Level 1.0 Long Blades
 + Level 1.0 Axes
 + Level 2.7 Maces & Flails
 + Level 1.0 Polearms
 + Level 1.0 Staves
 + Level 1.0 Ranged Weapons
 + Level 1.0 Throwing
 + Level 1.0 Armour
 + Level 6.5 Dodging
 + Level 1.0 Stealth
 + Level 1.0 Shields
 + Level 8.5 Unarmed Combat
 + Level 1.0 Spellcasting
 + Level 0.7 Conjurations
 + Level 0.7 Hexes
 + Level 0.7 Summonings
 + Level 0.7 Necromancy
 + Level 0.7 Translocations
 + Level 0.7 Transmutations
 + Level 0.7 Fire Magic
 + Level 0.7 Ice Magic
 + Level 0.7 Air Magic
 + Level 0.7 Earth Magic
 + Level 0.7 Poison Magic
 + Level 2.7 Invocations
 + Level 2.7 Evocations


You had 4 spell levels left.
You didn't know any spells.
Your spell library contained the following spells:

 Spells                   Type           Power      Damage    Failure   Level
 Sublimation of Blood     Necr           2%         N/A       43%         2
 Petrify                  Tmut/Erth      2%         N/A       97%         4
 Irradiate                Conj/Tmut      1%         3d12      100%        5


Dungeon Overview and Level Annotations

Branches:
Dungeon (2/15)

Altars:

Shops:
D:2 !

Annotations:
D:2 Sigmund


Innate Abilities, Weirdness & Mutations

You have very sharp teeth.
Your uncanny sense of smell can sniff out nearby items.
Your experience applies equally to all skills.


Message History

You aren't carrying any items that you can evoke.
Unknown command.
Okay, then.
Sigmund casts a spell at you. The puff of flame hits you!
Things that are here:
a +0 whip; 4 stones; a kobold corpse
Okay, then.
Okay, then.
As you read the scroll of identify, it crumbles to dust.
m - a potion of haste
Okay, then.
You feel yourself speed up. Sigmund barely misses you.
You closely miss Sigmund. Sigmund closely misses you.
You sock Sigmund!
Sigmund is moderately wounded.
You hit Sigmund but do no damage. You punch Sigmund.
Sigmund is moderately wounded.
Sigmund misses you.
You barely miss Sigmund. Your bite misses Sigmund.
Sigmund is moderately wounded.
You closely miss Sigmund.
Sigmund is moderately wounded.
Sigmund gestures at you while chanting. The puff of flame hits you!
You hit Sigmund. Your bite misses Sigmund.
Sigmund is heavily wounded.
Sigmund says, "Look into my eyes."
Sigmund casts a spell.
Sigmund flickers and vanishes!
Deactivating autopickup; reactivate with Ctrl-A.
You closely miss something. Your punch misses something. Something hits you.
You closely miss something. Something hits you.
You closely miss something. You hit something. Your bite misses something.
Something hits you.
* * * LOW HITPOINT WARNING * * *
You hit something. You hit something but do no damage. Something hits you.
You die...

#...@.....#
#####.........####
#>................
#.###..).......... #.#
#............. #.#
#..รท...###.... #.#
#......# #.... #{#
######## #.... #######@#
########.... ........#
#........... .######.#
#........... #.######.##
#........... #.........#
########....
########..###############
#..<..#..............
###.#..................
#......................


There were no monsters in sight!

Vanquished Creatures
  An adder (D:2)
  2 worms (D:2)
  A dart slug (D:1)
  10 ball pythons
  2 endoplasms (D:1)
  A giant cockroach (D:1)
  2 goblins
  A hobgoblin (D:1)
  2 quokkas (D:1)
  4 bats (D:1)
  2 frilled lizards
  4 kobolds (D:2)
  4 rats
36 creatures vanquished.

Vanquished Creatures (others)
  3 plants (D:1)
3 creatures vanquished.

Grand Total: 39 creatures vanquished

Notes
Turn   | Place    | Note
-------+----------+-------------------------------------------
     0 | D:1      | Crownlay the Gnoll Wanderer began the quest for the Orb.
     0 | D:1      | Crownlay set off with the following items: a +0 mace, a
                  | potion of heal wounds, a scroll of blinking, a +0 pair of
                  | boots, a potion of attraction, a +0 leather armour.
     0 | D:1      | Reached XP level 1. HP: 13/13 MP: 2/2
   182 | D:1      | Reached XP level 2. HP: 13/20 MP: 3/3
   222 | D:1      | Found a faded altar of an unknown god.
   993 | D:2      | Found Xuaddutz's Distillery.
  1055 | D:2      | Reached XP level 3. HP: 21/25 MP: 4/4
  1162 | D:2      | Reached skill level 1 in Fighting
  1162 | D:2      | Reached skill level 1 in Short Blades
  1162 | D:2      | Reached skill level 1 in Long Blades
  1162 | D:2      | Reached skill level 1 in Axes
  1162 | D:2      | Reached skill level 1 in Polearms
  1162 | D:2      | Reached skill level 1 in Staves
  1162 | D:2      | Reached skill level 1 in Ranged Weapons
  1162 | D:2      | Reached skill level 1 in Throwing
  1162 | D:2      | Reached skill level 1 in Armour
  1162 | D:2      | Reached skill level 1 in Stealth
  1162 | D:2      | Reached skill level 1 in Shields
  1162 | D:2      | Reached skill level 1 in Spellcasting
  1199 | D:2      | HP: 1/26 [kobold/+0 short sword (3)]
  1317 | D:2      | Noticed Sigmund
  1377 | D:2      | Slain by Sigmund

Illustrated notes

Levels and vault maps discovered:
D:1:      nicolae_arrival_washed_ashore, layout_loops_ring,
          nicolae_ecumenical_snake_handling, minivault_11, serial_park_tiny_1,
          minmay_misc_feat_diagonals, amcnicky_mini_rare_corridor_liquid,
          hangedman_decor_opposing, serial_bayou_lagoon_b
D:2:      layout_basic, serial_shops, shop, st_stairs_14, grunt_ministairs_11,
          minmay_pentomino_p4, uniq_sigmund

Skill      XL: |  1  2  3 |
---------------+----------+-----
Fighting       | 1 |  1.0
Short Blades   | 1 |  1.0
Long Blades    | 1 |  1.0
Axes           | 1 |  1.0
Polearms       | 1 |  1.0
Staves         | 1 |  1.0
Ranged Weapons | 1 |  1.0
Throwing       | 1 |  1.0
Armour         | 1 |  1.0
Stealth        | 1 |  1.0
Shields        | 1 |  1.0
Spellcasting   | 1 |  1.0
Maces & Flails | |  2.7
Dodging        | |  6.5
Unarmed Combat | |  8.5
Conjurations   | |  0.7
Hexes          | |  0.7
Summonings     | |  0.7
Necromancy     | |  0.7
Translocations | |  0.7
Transmutations | |  0.7
Fire Magic     | |  0.7
Ice Magic      | |  0.7
Air Magic      | |  0.7
Earth Magic    | |  0.7
Poison Magic   | |  0.7
Invocations    | |  2.7
Evocations     | |  2.7

Action                   || total
-------------------------++-------
Melee: Mace              ||   141
       Bite              ||    11
       Punch             ||     2
  Use: Scroll            ||     4
       Potion            ||     2
 Stab: Sleeping          ||     1
Armor: Leather armour    ||    46
Dodge: Dodged            ||   102

Table legend: (Time is in decaauts)
 A = Elapsed time spent in this place.
 B = Non-inter-level travel time spent in this place.
 C = Inter-level travel time spent in this place.
 D = Time resting spent in this place.
 E = Time spent auto-exploring this place.
 F = Levels seen in this place.
 G = Mean time per level.
                   A        B        C        D        E       F      G
               +--------+--------+--------+--------+--------+-----+--------+
         Total |   1440 |   1413 |     27 |      0 |   1078 |   2 |  720.0 |
       Dungeon |   1440 |   1413 |     27 |      0 |   1078 |   2 |  720.0 |
               +--------+--------+--------+--------+--------+-----+--------+

Top non-repeatable levels by time:
     D:1: 1040 daAuts
     D:2: 400 daAuts
